 Dungeon Crawl Stone Soup version 0.19-a0-1260-gc94d3f7 (webtiles) character file.

121 George the Skirmisher (level 4, -2/61 HPs)
             Began as a Minotaur Fighter on Aug 28, 2016.
             Slain by Grinder (3 damage)
             ... on level 3 of the Dungeon.
             The game lasted 00:02:40 (1295 turns).

George the Skirmisher (Minotaur Fighter)            Turns: 1295, Time: 00:02:40

Health: -2/61      AC: 22    Str: 26    XL:     4   Next: 77%
Magic:  3/3        EV:  2    Int:  5    God:
Gold:   169        SH: 10    Dex: 10    Spells: 0 memorised, 3 levels left

rFire  . . .     SeeInvis .     a - +0 long sword
rCold  . . .     Gourm    .     (armour currently unavailable)
rNeg   + + +     Faith    .     c - +0 shield
rPois  +         Spirit   .     (helmet currently unavailable)
rElec  .         Dismiss  .     (cloak currently unavailable)
rCorr  .         Reflect  .     (gloves currently unavailable)
MR     .....     Harm     .     (boots currently unavailable)
Stlth  +......... NoTele   +    (no amulet)
                                (no ring)
                                k - +1 ring of slaying

@: mighty, tree-form
A: (retaliatory headbutt), (horns 0)
a: no special abilities


You were on level 3 of the Dungeon.
You were not hungry.
You were a tree.
You visited 1 branch of the dungeon, and saw 3 of its levels.

You collected 169 gold pieces.

Inventory:

Hand Weapons
 a - a +0 long sword (weapon)
Missiles
 l - 8 javelins (quivered)
Armour
 b - a +0 scale mail (melded)
 c - a +0 shield (worn)
 t - a +0 pair of gloves (melded)
Jewellery
 k - a +1 ring of slaying (left branch)
 o - an uncursed ring of ice
Scrolls
 e - 2 scrolls of immolation {unknown}
 i - 4 scrolls of identify {unknown}
 j - a scroll of noise {unknown}
 m - 2 scrolls of teleportation {unknown}
 p - a scroll of blinking {unknown}
 s - a scroll of random uselessness {unknown}
Potions
 n - a potion of magic {unknown}
 q - a potion of resistance {unknown}
Comestibles
 f - 2 bread rations
 h - a royal jelly
 r - a beef jerky
 u - a chunk of flesh


   Skills:
 + Level 4.6 Fighting
 * Level 4.1 Long Blades
 + Level 4.2 Armour
 + Level 4.4 Shields


You had 3 spell levels left.
You didn't know any spells.

Dungeon Overview and Level Annotations

Branches:
Dungeon (3/15)

Altars:
Yredelemnul

Annotations:
D:3 Grinder, Sigmund


Innate Abilities, Weirdness & Mutations

((You reflexively headbutt those who attack you in melee.))
((You have a pair of horns on your head.))


Message History

Grinder hits you.
* * * LOW HITPOINT WARNING * * *
You writhe in agony.
* * * LOW HITPOINT WARNING * * *
Grinder hits you but does no damage. Sigmund gestures at you while chanting.
The magic dart hits you!
* * * LOW HITPOINT WARNING * * *
Grinder hits you but does no damage.
You can move again.
It was a potion of lignification.
You turn into a tree.
Your +0 pair of gloves melds into your body.
Your +0 scale mail melds into your body.
Your roots penetrate the ground.
Sigmund flickers, as though insubstantial.
You block Sigmund's attack. Grinder hits you but does no damage.
You closely miss Grinder.
Grinder is moderately wounded.
Sigmund hits you but does no damage. Grinder hits you.
You die...

.(.......# ........)#
.........# .........# #'# #.#
#@# #†# #♣# #####5# #.....#
##### #.....# #....
########.....#### #####....
................#####........
..............................
.................#####........
..........................####


You could see Grinder and Sigmund.

Vanquished Creatures
  An orc priest (D:3)
  An orc wizard (D:3)
  An adder (D:2)
  2 worms
  2 dart slugs
  2 giant geckos (D:3)
  An orc (D:3)
  4 giant cockroaches (D:1)
  3 goblins
  7 hobgoblins
  A quokka (D:2)
  3 ball pythons
  3 bats
  3 giant newts
  5 kobolds
  6 rats
45 creatures vanquished.

Notes
Turn   | Place    | Note
-------+----------+-------------------------------------------
     0 | D:1      | George the Minotaur Fighter began the quest for the Orb.
     0 | D:1      | Reached XP level 1. HP: 19/19 MP: 0/0
   151 | D:1      | Reached XP level 2. HP: 27/27 MP: 1/1
   678 | D:2      | Reached XP level 3. HP: 33/33 MP: 2/2
  1194 | D:3      | Found a basalt altar of Yredelemnul.
  1237 | D:3      | Reached XP level 4. HP: 41/41 MP: 3/3
  1275 | D:3      | Noticed Grinder
  1276 | D:3      | Noticed Sigmund
  1287 | D:3      | Paralysed by Grinder for 7 turns
  1293 | D:3      | HP: 1/41 [Sigmund/magic dart (3)]
  1295 | D:3      | Slain by Grinder

Vault maps used:
D:1:      evilmike_arrival_crescent
D:2:      first_bread
D:3:      overflow_temple_1_default, uniq_sigmund, uniq_grinder

Skill      XL: |  1  2  3  4 |
---------------+-------------+-----
Shields        | 4 |  4.4
Long Blades    | 3 4 |  4.1
Fighting       | 4 |  4.6
Armour         | 4 |  4.2

Action                   |  1- 3 |  4- 6 || total
-------------------------+-------+-------++-------
Melee: Long sword        |   105 |    17 ||   122
       Headbutt          |    16 |     5 ||    21
  Use: Potion            |       |     2 ||     2
  Eat: Chunk             |     1 |       ||     1
Armor: Scale mail        |    42 |    14 ||    56
       Skin              |       |     2 ||     2
Dodge: Dodged            |    19 |     6 ||    25
Block: Shield            |    67 |    14 ||    81
